 Dungeon Crawl Stone Soup version 0.32-a0-928-g1cae6b7ea0 (webtiles) character file.

Game seed: 18226041182209969463

121 runemasterragnar the Shooter (level 5, -4/40 HPs)
             Began as a Coglin Hunter on Apr 12, 2024.
             Slain by an ice beast (14 damage)
             ... on level 3 of the Dungeon.
             The game lasted 00:00:55 (1354 turns).

runemasterragnar the Shooter (Coglin Hunter)        Turns: 1354, Time: 00:00:56

Health: -4/40      AC:  3    Str: 11    XL:     5   Next: 5%
Magic:  5/5        EV: 11    Int:  9    God:
Gold:   172        SH:  0    Dex: 19    Spells: 4/4 levels left

rFire   . . .        a - +2 sling {Ekveer}
rCold   . . .        d - +0 sling {Leofric}
rNeg    . . .        c - +0 leather armour
rPois   .            (no helmet)
rElec   .            (no cloak)
rCorr   .            (no gloves)
SInv    .            (no boots)
Will    .....        (amulet unavailable)
Stlth   ++           (ring unavailable)
HPRegen 0.26/turn    (ring unavailable)
MPRegen 0.09/turn    (no gizmo)

%: no passive effects
@: revved
A: off-hand wielding, slow wielding, warmup strikes, no jewellery
a: Invent Gizmo


You were on level 3 of the Dungeon.
You visited 1 branch of the dungeon, and saw 3 of its levels.

You collected 172 gold pieces.

Inventory:

Hand Weapons
 a - a +2 sling (weapon) {Ekveer}
 d - a +0 sling (offhand) {Leofric}
Armour
 c - a +0 leather armour (worn)
Scrolls
 b - a scroll of butterflies
 f - 5 scrolls of identify {unknown}
 g - a scroll of teleportation {unknown}
 h - 2 scrolls of silence {unknown}
 i - a scroll of enchant armour {unknown}
Potions
 e - 3 potions of haste {unknown}
 j - a potion of enlightenment {unknown}


   Skills:
 + Level 2.8 Fighting
 * Level 4.5 Ranged Weapons
 + Level 2.5 Dodging
 + Level 1.8 Stealth


You had 4 spell levels left.
You didn't know any spells.
Your spell library was empty.

Dungeon Overview and Level Annotations

Branches:
Dungeon (3/15)

Altars:
Ashenzari
Kikubaaqudgha


Innate Abilities, Weirdness & Mutations

You can wield a second weapon in your off-hand.
It takes a long time for you to wield or remove held weapons.
Your first few attacks do less damage.
You cannot equip rings or amulets.


Message History

The ice beast hits you. The ice beast freezes you.
You shoot a sling bullet.
The sling bullet closely misses the ice beast.
You shoot a sling bullet. The sling bullet hits the ice beast.
The ice beast is lightly wounded.
The ice beast hits you. The ice beast freezes you.
The ice beast closely misses you.
An ice beast is nearby!
You are too injured to fight recklessly!
An ice beast is nearby!
You are too injured to fight recklessly!
You are too injured to fight recklessly!
An ice beast is nearby!
You are too injured to fight recklessly!
Unknown command.
You are too injured to fight recklessly!
Fire: a) +2 sling {Ekveer}
Press: ? - help, Q - select action Shift-Dir - straight line, f/p - ice beast
Aim: an ice beast (lightly wounded, 64% to hit)
You shoot a sling bullet. The sling bullet hits the ice beast.
The ice beast is moderately wounded.
You shoot a sling bullet. The sling bullet hits the ice beast!
The ice beast is heavily wounded.
The ice beast hits you. The ice beast freezes you!
* * * LOW HITPOINT WARNING * * *
A kobold comes into view. It is wielding a +0 dagger.
Unknown command.
Fire: a) +2 sling {Ekveer}
Press: ? - help, Q - select action Shift-Dir - straight line, f/p - ice beast
Aim: an ice beast (heavily wounded, 64% to hit)
You shoot a sling bullet.
The sling bullet barely misses the ice beast.
You shoot a sling bullet. The kobold shouts!
The sling bullet hits the ice beast!
The ice beast is almost dead.
The ice beast hits you.
* * * LOW HITPOINT WARNING * * *
The ice beast freezes you!
You die...

#.....##
#....K.#
#......#
#......#
#......#
#......#
#..Y...#
#@# #####.#
..##.# #
#<##.#
##.##.##.##
#.........#
#####.#####
#.# #.#


You could see an ice beast and a kobold.

Vanquished Creatures
  Terence (D:3)
  5 gnolls
  2 adders
  A ribbon worm (D:3)
  2 endoplasms
  3 giant cockroaches
  4 goblins
  2 hobgoblins
  2 jackals (D:1)
  2 ball pythons
  4 frilled lizards
  2 kobolds
  2 rats
32 creatures vanquished.

Notes
Turn   | Place    | Note
-------+----------+-------------------------------------------
     0 | D:1      | runemasterragnar the Coglin Hunter began the quest for the
                  | Orb.
     0 | D:1      | Reached XP level 1. HP: 16/16 MP: 1/1
   143 | D:1      | Reached skill level 1 in Stealth
   144 | D:1      | Reached XP level 2. HP: 22/22 MP: 2/2
   165 | D:1      | You fall into a shaft and drop 1 floor!
   228 | D:2      | Reached XP level 3. HP: 27/27 MP: 3/3
   271 | D:2      | Reached skill level 4 in Ranged Weapons
   875 | D:3      | Found an ancient bone altar of Kikubaaqudgha.
   993 | D:3      | Found a broken altar of Ashenzari.
  1203 | D:3      | Noticed Terence
  1212 | D:3      | Killed Terence
  1213 | D:3      | Reached XP level 4. HP: 26/34 MP: 4/4
  1275 | D:3      | Reached XP level 5. HP: 40/40 MP: 5/5
  1349 | D:3      | Noticed an ice beast
  1354 | D:3      | Slain by an ice beast

Illustrated notes

Levels and vault maps discovered:
D:1:      dpeg_arrival_shelter, layout_basic, minmay_door_square, st_stairs_10,
          reono_crystal_passage, minmay_cupped
D:2:      layout_loops_ring, hangedman_decor_slide_cut
D:3:      layout_basic, mainiacjoe_overflow_concentric_impassable,
          amcnicky_altar_gilded, uniq_terence

Skill      XL: |  1  2  3 |
---------------+----------+-----
Stealth        | 1 |  1.8
Dodging        | 2 |  2.5
Ranged Weapons | 4 |  4.5
Fighting       | |  2.8

Action                     |  1- 3 |  4- 6 || total
---------------------------+-------+-------++-------
   Fire: Sling             |   118 |    48 ||   166
 Armour: Leather armour    |    12 |     6 ||    18
  Dodge: Dodged            |    10 |     3 ||    13

Table legend: (Time is in decaauts)
 A = Elapsed time spent in this place.
 B = Non-inter-level travel time spent in this place.
 C = Inter-level travel time spent in this place.
 D = Time resting spent in this place.
 E = Time spent auto-exploring this place.
 F = Levels seen in this place.
 G = Mean time per level.
                   A        B        C        D        E       F      G
               +--------+--------+--------+--------+--------+-----+--------+
         Total |   1373 |   1298 |     75 |      0 |   1141 |   3 |  457.7 |
       Dungeon |   1373 |   1298 |     75 |      0 |   1141 |   3 |  457.7 |
               +--------+--------+--------+--------+--------+-----+--------+

Top non-repeatable levels by time:
     D:2: 647 daAuts
     D:3: 557 daAuts
     D:1: 169 daAuts
